[Event "Team 45 45 League T90"]
[Site "Internet Chess Club"]
[Date "2021.10.31"]
[Round "4"]
[White "fileman"]
[Black "Sloggi"]
[Result "0-1"]
[WhiteElo "1786"]
[BlackElo "1948"]
[Opening "Caro-Kann defense"]
[ECO "B10"]
[Time "11:08:56"]
[PlyCount "124"]
[TimeControl "2700+45"]

1. e4 c6 2. Nf3 d5 3. exd5 cxd5 4. d4 Nc6 5. Ne5 a6 6. c3 Nf6 7. Nd2 e6 8. Ndf3
Bd6 9. Bd3 Qc7 10. Qe2 Bxe5 11. Nxe5 Nxe5 12. Qxe5 Qxe5+ 13. dxe5 Nd7 14. f4 b6
15. Be3 Bb7 16. Bd4 g6 17. Ke2 Rc8 18. a4 h5 19. g3 Nc5 20. Bc2 Ke7 21. h3 Rc6
22. g4 Ne4 23. Ke3 Ng3 24. Rhg1 h4 25. Rg2 Rb8 26. Bd3 Bc8 27. b4 Rc7 28. a5 b5
29. Bc5+ Kd7 30. Bd6 Rbb7 31. Bxc7 Rxc7 32. Kd4 Ke7 33. Rag1 Ne4 34. Rc2 Bb7 35.
Rf1 Ng3 36. Rf3 Ne4 37. Bf1 f5 38. gxf5 exf5 39. Rg2 Kf7 40. Re3 Ba8 41. Rc2 Ke6
42. Rg2 Kf7 43. Rc2 Ke6 44. Rd3 Rc4+ 45. Ke3 Rc7 46. Bg2 Ng3 47. Kd2 Bb7 48. Rc1
g5 49. fxg5 Kxe5 50. Rxg3 hxg3 51. h4 Kf4 52. g6 Kg4 53. Bh3+ Kxh4 54. Bxf5 g2
55. Be6 d4 56. Bf7 Be4 57. g7 Bh7 58. g8=Q Bxg8 59. Bxg8 dxc3+ 60. Ke2 Rg7 61.
Rg1 Rxg8 62. Kf2 Kh3 {White resigns} 0-1

[Event "Team 45 45 League T90"]
[Site "Internet Chess Club"]
[Date "2021.11.01"]
[Round "4"]
[White "DeepPoo"]
[Black "bobhill"]
[Result "0-1"]
[WhiteElo "1682"]
[BlackElo "1885"]
[Opening "Levitsky attack (Queen's bishop attack)"]
[ECO "D00"]
[Time "20:04:03"]
[PlyCount "110"]
[TimeControl "2700+45"]

1. d4 d5 2. Bg5 g6 3. c3 Bg7 4. e3 Nf6 5. Bxf6 Bxf6 6. Bd3 O-O 7. Nd2 c6 8. Qc2
Nd7 9. Ngf3 c5 10. g4 c4 11. Be2 e5 12. dxe5 Nxe5 13. g5 Nxf3+ 14. Nxf3 Bxg5 15.
Nxg5 Qxg5 16. O-O-O Be6 17. Rhg1 Qe5 18. Qd2 Rad8 19. h4 b5 20. Rg5 Qf6 21. Rdg1
Kh8 22. h5 gxh5 23. Rxh5 Rg8 24. Rgh1 Bf5 25. Bd1 Rg7 26. Bc2 Be4 27. Rh6 Qf5
28. R6h5 Qe6 29. Rh6 f6 30. R6h4 Bxh1 31. Rxh1 Rdg8 32. Qd1 Qf7 33. b4 a5 34. a3
axb4 35. axb4 Ra8 36. Kd2 f5 37. Qf3 Kg8 38. Rh5 f4 39. exf4 Rd8 40. f5 d4 41.
f6 d3 42. Bd1 Rg6 43. Rf5 Qa7 44. f7+ Kf8 45. Qf4 Qa2+ 46. Ke3 Re6+ 47. Kf3 Qa8+
48. Kg3 Rg6+ 49. Bg4 d2 50. Rg5 d1=Q 51. Bxd1 Rxd1 52. Rxg6 Rg1+ 53. Kh3 Qh1+
54. Qh2 Qxh2+ 55. Kxh2 Rxg6 {White resigns} 0-1

[Event "Team 45 45 League T90"]
[Site "Internet Chess Club"]
[Date "2021.10.31"]
[Round "4"]
[White "Rookmaster"]
[Black "ILRE"]
[Result "0-1"]
[WhiteElo "1440"]
[BlackElo "1621"]
[Opening "French: Two knights variation"]
[ECO "C00"]
[Time "07:07:03"]
[PlyCount "72"]
[TimeControl "2700+45"]

1. e4 e6 2. Nf3 d5 3. Nc3 Nf6 4. e5 Nfd7 5. d4 c5 6. dxc5 Bxc5 7. Bd3 Nc6 8. Bf4
a6 9. O-O b5 10. a3 Bb7 11. b4 Be7 12. Re1 Rc8 13. Qd2 Nb6 14. Rad1 Nxb4 15.
Nxb5 Nxd3 16. Nd6+ Bxd6 17. Qxd3 Be7 18. Rb1 Qc7 19. Qb3 Bc5 20. Be3 Bxe3 21.
Rxe3 Nc4 22. Rc3 Bc6 23. Nd4 O-O 24. Nxc6 Qxc6 25. Rd3 Qc7 26. f4 Rb8 27. Qa2
Rxb1+ 28. Qxb1 Rb8 29. Qe1 Qb6+ 30. Kf1 Qb1 31. Qxb1 Rxb1+ 32. Ke2 Ra1 33. Rb3
g6 34. g4 Rxa3 35. Rb8+ Kg7 36. h4 Rh3 {White resigns} 0-1

[Event "Team 45 45 League T90"]
[Site "Internet Chess Club"]
[Date "2021.10.31"]
[Round "4"]
[White "filmdirector"]
[Black "BrianWood"]
[Result "1-0"]
[WhiteElo "1329"]
[BlackElo "1521"]
[Opening "Caro-Kann defense"]
[ECO "B11"]
[Time "20:05:12"]
[PlyCount "89"]
[TimeControl "2700+45"]

1. e4 c6 2. Nc3 d5 3. exd5 cxd5 4. d4 Nf6 5. Nf3 Bg4 6. h3 Bxf3 7. Qxf3 Nc6 8.
Be3 e6 9. a3 Qb6 10. Rb1 Bd6 11. Nb5 Bb8 12. c4 O-O 13. c5 Qd8 14. Bd3 a6 15.
Nc3 e5 16. dxe5 Nxe5 17. Qf5 g6 18. Qg5 Nxd3+ 19. Ke2 Ne5 20. Bd4 Re8 21. Rhe1
h6 22. Qc1 Nc6+ 23. Kd3 Nxd4 24. Kxd4 Rxe1 25. Qxe1 Ba7 26. b4 b6 27. Na4 b5 28.
Nc3 Qd7 29. Qe5 Qe6 30. Re1 Re8 31. Qxe6 fxe6 32. Ke5 Kf7 33. Kd6 Bb8+ 34. Kc6
e5 35. Nxd5 Re6+ 36. Kb7 Nxd5 37. Kxb8 Nxb4 38. axb4 e4 39. Kb7 Ke7 40. Ra1 Kd7
41. Rxa6 e3 42. fxe3 Rxe3 43. c6+ Kd6 44. c7+ Kd7 45. c8=Q+ {Black resigns} 1-0

[Event "Team 45 45 League T90"]
[Site "Internet Chess Club"]
[Date "2021.10.31"]
[Round "4"]
[White "Goli"]
[Black "CPTsopiens"]
[Result "1-0"]
[WhiteElo "1758"]
[BlackElo "1773"]
[Opening "Ruy Lopez: exchange variation"]
[ECO "C68"]
[Time "18:01:06"]
[PlyCount "79"]
[TimeControl "2700+45"]

1. e4 e5 2. Nf3 Nc6 3. Bb5 a6 4. Bxc6 dxc6 5. h3 Qd6 6. O-O Bd7 7. d4 exd4 8.
Qxd4 f6 9. Re1 c5 10. Qxd6 cxd6 11. Nc3 O-O-O 12. Nd5 Bc6 13. c4 Bxd5 14. exd5
Ne7 15. Bd2 Kd7 16. Ba5 Re8 17. Re6 Ng6 18. Rxe8 Kxe8 19. Re1+ Ne5 20. Nxe5 fxe5
21. f4 Be7 22. fxe5 dxe5 23. Rxe5 Kd7 24. Bc3 Rf8 25. Rh5 Rf4 26. b3 b5 27. cxb5
axb5 28. Rxh7 Kd6 29. Rh5 Re4 30. Bxg7 c4 31. bxc4 Rxc4 32. Be5+ Kxd5 33. Bf6+
Ke6 34. Bxe7 Kxe7 35. Rxb5 Rc1+ 36. Kh2 Rc2 37. a4 Ra2 38. a5 Kd7 39. h4 Kc6 40.
Rg5 {Black resigns} 1-0

[Event "Team 45 45 League T90"]
[Site "Internet Chess Club"]
[Date "2021.11.01"]
[Round "4"]
[White "Beetlejuice"]
[Black "cityprosecutor"]
[Result "1/2-1/2"]
[WhiteElo "1717"]
[BlackElo "1716"]
[Opening "King's Indian: Sämisch, 5...O-O"]
[ECO "E81"]
[Time "14:01:49"]
[PlyCount "59"]
[TimeControl "2700+45"]

1. e4 d6 2. d4 Nf6 3. f3 g6 4. c4 Bg7 5. Nc3 O-O 6. Bg5 c5 7. d5 Nbd7 8. Nh3 Rb8
9. Qd2 a6 10. a4 Qa5 11. Nf2 Ne5 12. Ncd1 Qxd2+ 13. Kxd2 Bd7 14. Be2 b5 15. axb5
axb5 16. b3 bxc4 17. bxc4 h6 18. Bxf6 Bxf6 19. Ra7 Bg5+ 20. Kc2 Ra8 21. Rxa8
Rxa8 22. Nc3 Be3 23. Nfd1 Bd4 24. Nb2 g5 25. Rb1 f5 26. Nb5 Be3 27. Re1 Bf2 28.
Rf1 Be3 29. Re1 Bf2 30. Rf1 {Game drawn by mutual agreement} 1/2-1/2

[Event "Team 45 45 League T90"]
[Site "Internet Chess Club"]
[Date "2021.10.30"]
[Round "4"]
[White "Egmont"]
[Black "Demachaeron"]
[Result "0-1"]
[WhiteElo "1563"]
[BlackElo "1707"]
[Opening "QGD semi-Slav: 5...Nd7"]
[ECO "D45"]
[Time "09:01:06"]
[PlyCount "80"]
[TimeControl "2700+45"]

1. d4 d5 2. c4 c6 3. Nc3 Nf6 4. Nf3 e6 5. e3 Nbd7 6. b3 Bb4 7. Bd2 O-O 8. Bd3
Re8 9. O-O e5 10. dxe5 Nxe5 11. Nxe5 Rxe5 12. Qc2 g6 13. cxd5 Nxd5 14. e4 Nxc3
15. Bxc3 Rc5 16. Bc4 Bxc3 17. Qxc3 Be6 18. Qb4 Bxc4 19. Qxc5 Bxf1 20. Rxf1 Qd7
21. f4 b6 22. Qc2 Rd8 23. Rc1 c5 24. f5 gxf5 25. exf5 Qd4+ 26. Kh1 Qf4 27. g3
Qf3+ 28. Qg2 Rd1+ 29. Rxd1 Qxd1+ 30. Qg1 Qf3+ 31. Qg2 Qxf5 32. Kg1 Qb1+ 33. Qf1
Qxf1+ 34. Kxf1 Kg7 35. Ke2 Kf6 36. Kd3 b5 37. a4 c4+ 38. bxc4 bxa4 39. g4 Ke5
40. h3 a3 {White resigns} 0-1

[Event "Team 45 45 League T90"]
[Site "Internet Chess Club"]
[Date "2021.10.31"]
[Round "4"]
[White "rookmaster23"]
[Black "ascoli"]
[Result "1/2-1/2"]
[WhiteElo "1612"]
[BlackElo "1577"]
[Opening "French: Winawer, Petrosian variation"]
[ECO "C16"]
[Time "03:04:15"]
[PlyCount "117"]
[TimeControl "2700+45"]

1. e4 e6 2. d4 d5 3. Nc3 Bb4 4. e5 Qd7 5. a3 Bxc3+ 6. bxc3 b6 7. Qg4 f5 8. Qh5+
g6 9. Qh4 Ba6 10. Bxa6 Nxa6 11. Bg5 Nb8 12. Ne2 Nc6 13. Nf4 Qf7 14. O-O Nge7 15.
a4 Na5 16. Bxe7 Qxe7 17. Nxg6 Qxh4 18. Nxh4 O-O-O 19. Nf3 Rhg8 20. Nd2 Rg4 21.
h3 Rg7 22. Nb3 Nc4 23. a5 Kb7 24. Rfd1 Rdg8 25. g3 f4 26. g4 f3 27. Nd2 Nxd2 28.
Rxd2 h5 29. Kh2 hxg4 30. a6+ Kc8 31. Rg1 Rh7 32. Rg3 Rgh8 33. Kh1 Rxh3+ 34. Rxh3
Rxh3+ 35. Kg1 Kd7 36. c4 dxc4 37. d5 Rh8 38. d6 c5 39. Rd1 Rh5 40. Re1 Kc6 41.
Rd1 Rh7 42. c3 b5 43. Rd2 Rd7 44. Kh2 b4 45. Kg3 b3 46. Kxg4 Kb6 47. Kg5 Kxa6
48. Kf6 Kb6 49. Kxe6 Kc6 50. Kf6 a5 51. e6 Rxd6 52. Rxd6+ Kxd6 53. e7 b2 54.
e8=Q b1=Q 55. Qd8+ Kc6 56. Qc8+ Kd6 57. Qd8+ Kc6 58. Qc8+ Kd6 59. Qd8+ {Game
drawn by repetition} 1/2-1/2

[Event "Team 45 45 League T90"]
[Site "Internet Chess Club"]
[Date "2021.10.29"]
[Round "4"]
[White "Sloggi"]
[Black "HomerSimpson"]
[Result "1/2-1/2"]
[WhiteElo "1938"]
[BlackElo "2006"]
[Opening "Nimzo-Indian: classical, Noa variation"]
[ECO "E34"]
[Time "22:01:09"]
[PlyCount "34"]
[TimeControl "2700+45"]

1. d4 Nf6 2. c4 e6 3. Nc3 Bb4 4. Qc2 d5 5. Bg5 O-O 6. e3 h6 7. Bh4 c5 8. dxc5
Nbd7 9. cxd5 exd5 10. a3 Qa5 11. Rc1 Bxc3+ 12. Qxc3 Qxc3+ 13. Rxc3 Ne4 14. Rc1
g5 15. Bg3 Ndxc5 16. f3 Nb3 17. Rd1 Nxg3 {Game drawn by mutual agreement}
1/2-1/2

[Event "Team 45 45 League T90"]
[Site "Internet Chess Club"]
[Date "2021.10.28"]
[Round "4"]
[White "primerpaso"]
[Black "room-matt"]
[Result "0-1"]
[WhiteElo "1915"]
[BlackElo "1823"]
[Opening "English: Bremen, Smyslov system"]
[ECO "A21"]
[Time "14:05:28"]
[PlyCount "54"]
[TimeControl "2700+45"]

1. c4 e5 2. Nc3 Bb4 3. g3 Nf6 4. Bg2 O-O 5. e4 Bxc3 6. bxc3 c6 7. Ne2 d5 8. cxd5
cxd5 9. exd5 Nxd5 10. O-O Nc6 11. d4 exd4 12. cxd4 Bg4 13. h3 Nc3 14. Qd2 Nxe2+
15. Kh2 Bh5 16. g4 Bxg4 17. hxg4 Qh4+ 18. Bh3 Ncxd4 19. Qa5 Nf3+ 20. Kg2 Nfg1
21. Qa3 f5 22. gxf5 Qe4+ 23. f3 Qe5 24. f4 Qe4+ 25. Kh2 Nxh3 26. Qxh3 Rxf5 27.
Bb2 Nxf4 {White resigns} 0-1

[Event "Team 45 45 League T90"]
[Site "Internet Chess Club"]
[Date "2021.10.29"]
[Round "4"]
[White "cadmiumorange"]
[Black "fishhead"]
[Result "1-0"]
[WhiteElo "1837"]
[BlackElo "1734"]
[Opening "Richter-Veresov attack, Richter variation"]
[ECO "D01"]
[Time "14:00:34"]
[PlyCount "57"]
[TimeControl "2700+45"]

1. d4 Nf6 2. Nc3 d5 3. Bg5 Bf5 4. f3 h6 5. Bh4 g5 6. Bf2 Bg7 7. Qd2 Nc6 8. h4 g4
9. Qf4 Qd7 10. O-O-O Nh5 11. Qd2 g3 12. Be1 Nxd4 13. e3 Nxc2 14. e4 dxe4 15.
Qxc2 exf3 16. Rxd7 Bxc2 17. Rxc7 f2 18. Bb5+ Kf8 19. Nf3 fxe1=Q+ 20. Rxe1 Bg6
21. Rexe7 a6 22. Bc4 b5 23. Bxf7 Bxf7 24. Rxf7+ Kg8 25. Nd5 Kh7 26. Ne5 Rhc8 27.
Nf6+ Nxf6 28. Rxg7+ Kh8 29. Ng6# {Black checkmated} 1-0

[Event "Team 45 45 League T90"]
[Site "Internet Chess Club"]
[Date "2021.10.29"]
[Round "4"]
[White "Portola"]
[Black "fhunfi"]
[Result "0-1"]
[WhiteElo "1736"]
[BlackElo "1769"]
[Opening "Queen's pawn"]
[ECO "A40"]
[Time "18:00:28"]
[PlyCount "114"]
[TimeControl "2700+45"]

1. d4 e6 2. Nf3 f5 3. c3 Nf6 4. Bg5 b6 5. Bxf6 Qxf6 6. e3 Bb7 7. Nbd2 d6 8. g3
Nd7 9. Bg2 Be7 10. Qa4 c6 11. O-O d5 12. Rfe1 O-O 13. Bf1 Qh6 14. Be2 g5 15. Rf1
g4 16. Ne5 Nxe5 17. dxe5 Bg5 18. Qd1 Qg7 19. Re1 Qxe5 20. Bf1 Qg7 21. Bg2 h5 22.
Qe2 h4 23. Nf1 Rf7 24. Rad1 Qh6 25. Qd3 Rh7 26. a4 a5 27. b3 Ba6 28. c4 Rd8 29.
Qc2 hxg3 30. fxg3 c5 31. Qe2 Rhd7 32. Qc2 dxc4 33. Rxd7 Rxd7 34. bxc4 Qf6 35.
Qb3 Qd8 36. Rb1 Rd6 37. Qc2 Qd7 38. Qb3 Bb7 39. Bxb7 Qxb7 40. Qc2 Qf3 41. Qc3
Kh7 42. Qe5 Qc6 43. Re1 Qd7 44. e4 Bh6 45. exf5 exf5 46. Qb2 Bg7 47. Qe2 Bd4+
48. Kh1 Qc6+ 49. Qg2 Qxa4 50. Re7+ Kg6 51. h4 Qc6 52. Kh2 Qxg2+ 53. Kxg2 Kf6 54.
Ra7 Kg6 55. Ra6 Re6 56. Nh2 Re2+ 57. Kh1 Re1+ {White resigns} 0-1

[Event "Team 45 45 League T90"]
[Site "Internet Chess Club"]
[Date "2021.10.30"]
[Round "4"]
[White "zugknightly"]
[Black "janh"]
[Result "1/2-1/2"]
[WhiteElo "1926"]
[BlackElo "1938"]
[Opening "QGD: exchange, positional line"]
[ECO "D35"]
[Time "09:08:37"]
[PlyCount "55"]
[TimeControl "2700+45"]

1. d4 d5 2. c4 e6 3. Nc3 Nf6 4. cxd5 exd5 5. Bg5 Be7 6. Qc2 O-O 7. e3 h6 8. Bh4
Re8 9. Bd3 Nbd7 10. Nge2 Nf8 11. f3 Ne6 12. O-O c6 13. Rad1 b6 14. Bf2 Bb7 15.
e4 dxe4 16. Nxe4 Nd5 17. a3 Rc8 18. Qd2 f5 19. N4c3 Bg5 20. Qc2 g6 21. Nxd5 Qxd5
22. h4 Bf6 23. Bc4 Qd6 24. h5 Kh8 25. Bxe6 Rxe6 26. Bg3 Rxe2 27. Qxe2 Qxg3 28.
Qe6 {Game drawn by mutual agreement} 1/2-1/2

[Event "Team 45 45 League T90"]
[Site "Internet Chess Club"]
[Date "2021.10.30"]
[Round "4"]
[White "achessman"]
[Black "Ajolote"]
[Result "1-0"]
[WhiteElo "1869"]
[BlackElo "1941"]
[Opening "English: Neo-Catalan"]
[ECO "A13"]
[Time "22:14:22"]
[PlyCount "91"]
[TimeControl "2700+45"]

1. Nf3 Nf6 2. c4 e6 3. g3 d5 4. b3 c5 5. Bg2 Nc6 6. e3 Be7 7. O-O O-O 8. Bb2 d4
9. exd4 cxd4 10. Re1 Re8 11. a3 a5 12. Ne5 Qd6 13. Qe2 Nd7 14. Nxc6 bxc6 15. Qe4
e5 16. Qxc6 Rb8 17. Qxd6 Bxd6 18. Bxd4 Ba6 19. Bc3 Rxb3 20. Bc6 Re7 21. Bxa5 Nc5
22. Nc3 Bxc4 23. Bb4 g6 24. Nb5 Bxb5 25. Bxb5 Nb7 26. Bc4 Rb2 27. Bc3 Rb6 28. a4
Bb8 29. a5 Rf6 30. f4 Rf5 31. Bd3 Rh5 32. fxe5 Nc5 33. Bc4 Ba7 34. Kg2 Rf5 35.
d4 Ne6 36. Bd3 Rh5 37. Be2 Rf5 38. Bd3 Rh5 39. d5 Nc5 40. Bc4 Rf5 41. d6 Rb7 42.
a6 Rb8 43. Bd4 Rb4 44. Bxc5 Bxc5 45. d7 Rf2+ 46. Kh3 {Black resigns} 1-0

[Event "Team 45 45 League T90"]
[Site "Internet Chess Club"]
[Date "2021.10.31"]
[Round "4"]
[White "ElValero"]
[Black "ascoli"]
[Result "1-0"]
[WhiteElo "1664"]
[BlackElo "1564"]
[Opening "Neo-Indian (Seirawan) attack"]
[ECO "E00"]
[Time "14:00:39"]
[PlyCount "51"]
[TimeControl "2700+45"]

1. d4 e6 2. c4 Nf6 3. Bg5 h6 4. Bxf6 Qxf6 5. Nf3 c5 6. e3 cxd4 7. Nxd4 Nc6 8.
Nc3 Bb4 9. Rc1 b6 10. Be2 Nxd4 11. exd4 Bb7 12. O-O Qg6 13. Bf3 Bxf3 14. Qxf3
O-O 15. a3 Be7 16. b4 Bf6 17. Rfd1 Rac8 18. Ne4 Be7 19. c5 bxc5 20. dxc5 a5 21.
Rxd7 Bg5 22. Nxg5 Qxg5 23. Qe3 Qxe3 24. fxe3 Rb8 25. c6 Rxb4 26. axb4 {Black
resigns} 1-0

[Event "Team 45 45 League T90"]
[Site "Internet Chess Club"]
[Date "2021.11.05"]
[Round "4"]
[White "Portola"]
[Black "ascoli"]
[Result "1-0"]
[WhiteElo "1752"]
[BlackElo "1556"]
[Opening "Queen's Pawn"]
[ECO "A41"]
[Time "06:00:27"]
[PlyCount "61"]
[TimeControl "2700+45"]

1. d4 d6 2. Nf3 Nd7 3. Bf4 g6 4. c3 Bg7 5. e3 e5 6. dxe5 dxe5 7. Bg3 e4 8. Nd4
c5 9. Nb5 Ne5 10. Nd6+ Kf8 11. Nxe4 Bf5 12. Qxd8+ Rxd8 13. Bxe5 Bxe4 14. Bxg7+
Kxg7 15. f3 Bc6 16. e4 Ne7 17. Nd2 b5 18. O-O-O c4 19. Be2 Bb7 20. Nb1 Nc6 21.
Rxd8 Rxd8 22. Rd1 Rxd1+ 23. Kxd1 Ne5 24. Kc2 Kf6 25. Nd2 a6 26. f4 Nd7 27. b3
cxb3+ 28. axb3 Nc5 29. Bf3 h6 30. b4 Ne6 31. e5+ {Black resigns} 1-0

[Event "Team 45 45 League T90"]
[Site "Internet Chess Club"]
[Date "2021.10.30"]
[Round "4"]
[White "Electryon"]
[Black "marioseixas1992"]
[Result "0-1"]
[WhiteElo "1423"]
[BlackElo "1441"]
[Opening "English, 1...Nf6 (Anglo-Indian defense)"]
[ECO "A15"]
[Time "15:01:36"]
[PlyCount "70"]
[TimeControl "2700+45"]

1. c4 Nf6 2. g3 g6 3. Bg2 Bg7 4. Nc3 d6 5. d4 O-O 6. Bg5 Nbd7 7. Qd2 c5 8. dxc5
Nxc5 9. Bh6 Bxh6 10. Qxh6 Ng4 11. Qd2 f5 12. h3 Ne5 13. b3 Be6 14. Nf3 Nxf3+ 15.
Bxf3 Bf7 16. O-O e5 17. Rad1 e4 18. Bg2 Qa5 19. Qxd6 Nxb3 20. axb3 Qxc3 21. Rb1
Rad8 22. Qa3 a6 23. Rfc1 Qe5 24. e3 Rd2 25. Rd1 Rfd8 26. Rxd2 Rxd2 27. Qb4 Rd7
28. Qb6 Qc3 29. Bf1 Qc2 30. Ra1 Rd2 31. Qxb7 Rxf2 32. Qb8+ Kg7 33. Qe5+ Kh6 34.
Qf6 Rh2 35. Qxf7 Qf2# {White checkmated} 0-1

[Event "Team 45 45 League T90"]
[Site "Internet Chess Club"]
[Date "2021.10.28"]
[Round "4"]
[White "nosir"]
[Black "tryanything"]
[Result "0-1"]
[WhiteElo "1418"]
[BlackElo "1473"]
[Opening "KP: Indian opening"]
[ECO "C20"]
[Time "05:01:37"]
[PlyCount "114"]
[TimeControl "2700+45"]

1. e4 e5 2. d3 Nc6 3. c3 Nf6 4. Qd2 d5 5. exd5 Nxd5 6. Nf3 Bg4 7. Be2 Be7 8. h3
Be6 9. Qc2 h6 10. Nbd2 Nf4 11. Bf1 Bf5 12. Ne4 Qd5 13. Bxf4 exf4 14. Be2 O-O-O
15. a3 Ne5 16. O-O-O Nxf3 17. Bxf3 Qa2 18. Rhe1 Be6 19. Nd2 Rhe8 20. d4 Qa1+ 21.
Qb1 Qxb1+ 22. Kxb1 c6 23. Be2 Kc7 24. Nf3 Bb3 25. Rc1 a5 26. Nd2 Bd5 27. g3 fxg3
28. fxg3 Bg5 29. Rcd1 Bxd2 30. Rxd2 Re3 31. Kc1 Rde8 32. Kd1 Bb3+ 33. Kc1 Rxg3
34. Rf1 Rge3 35. Rf2 f5 36. c4 g5 37. c5 a4 38. Bd1 f4 39. Bxb3 axb3 40. h4 Re1+
41. Rd1 Rxd1+ 42. Kxd1 Re3 43. Kd2 b6 44. hxg5 hxg5 45. Rg2 Rg3 46. Re2 bxc5 47.
dxc5 f3 48. Re7+ Kd8 49. Rf7 g4 50. Rf6 Rg2+ 51. Ke3 Kd7 52. Rd6+ Kc7 53. Rg6 f2
54. Ke2 g3 55. Rg7+ Kd8 56. Rf7 Rg1 57. a4 Re1+ {White resigns} 0-1

[Event "Team 45 45 League T90"]
[Site "Internet Chess Club"]
[Date "2021.11.02"]
[Round "4"]
[White "clarinetref"]
[Black "g8wrb"]
[Result "1-0"]
[WhiteElo "1465"]
[BlackElo "1273"]
[Opening "French: exchange variation"]
[ECO "C01"]
[Time "14:03:31"]
[PlyCount "73"]
[TimeControl "2700+45"]

1. e4 e6 2. d4 d5 3. exd5 exd5 4. Bd3 Bd6 5. Ne2 Nf6 6. O-O O-O 7. Bf4 c5 8.
dxc5 Bxc5 9. h3 Nc6 10. Nbc3 a6 11. a3 Re8 12. Qd2 d4 13. Na4 Ba7 14. b4 Be6 15.
Nc5 Bxc5 16. bxc5 Qd5 17. Bd6 Ne4 18. Bxe4 Qxe4 19. Ng3 Qd5 20. Rfc1 Ne5 21.
Bxe5 Qxe5 22. c3 Red8 23. Ne2 d3 24. Nd4 Bc4 25. c6 b6 26. Re1 Qc7 27. a4 Rac8
28. Nf5 Kf8 29. Qg5 f6 30. Qh4 Bg8 31. Qb4+ Kf7 32. Re7+ Qxe7 33. Nxe7 d2 34.
Rd1 Rc7 35. Nf5 g6 36. Nd4 Rxd4 37. cxd4 {Black resigns} 1-0

[Event "Team 45 45 League T90"]
[Site "Internet Chess Club"]
[Date "2021.10.27"]
[Round "4"]
[White "Timmah4651"]
[Black "Chess4Him"]
[Result "1-0"]
[WhiteElo "1630"]
[BlackElo "1478"]
[Opening "Réti opening"]
[ECO "A09"]
[Time "21:12:37"]
[PlyCount "115"]
[TimeControl "2700+45"]

1. Nf3 d5 2. c4 Nf6 3. g3 c6 4. Bg2 dxc4 5. Ne5 Qd4 6. Nf3 Qc5 7. O-O Bf5 8. Nc3
b5 9. Nh4 e6 10. Nxf5 exf5 11. d4 cxd3 12. Qxd3 a6 13. Be3 Qe5 14. Bf4 Qe6 15.
e4 fxe4 16. Nxe4 Nxe4 17. Bxe4 Be7 18. Rfe1 Qf6 19. Re2 O-O 20. Bxh7+ Kh8 21.
Qf5 Qxf5 22. Bxf5 Ra7 23. Rae1 Bb4 24. Rc1 g6 25. Bg4 f5 26. Bf3 Rc8 27. Re6 Kh7
28. a3 Bf8 29. Rce1 c5 30. Re8 Rxe8 31. Rxe8 Nd7 32. h4 Bg7 33. Re7 Kg8 34. Bc6
Bf8 35. Rxd7 Rxd7 36. Bxd7 Kf7 37. Bc8 a5 38. Bc7 b4 39. Bxa5 bxa3 40. bxa3 c4
41. a4 Bg7 42. Ba6 c3 43. Bd3 Ke7 44. Kf1 Kd6 45. Ke2 Kd5 46. Kd1 Bd4 47. f3 Bf2
48. g4 fxg4 49. fxg4 Bxh4 50. Bxg6 Kc4 51. Kc2 Bf6 52. Bd3+ Kc5 53. Bxc3 Bd8 54.
a5 Kc6 55. a6 Bb6 56. g5 Kd7 57. g6 Ke7 58. g7 {Black resigns} 1-0

[Event "Team 45 45 League T90"]
[Site "Internet Chess Club"]
[Date "2021.10.31"]
[Round "4"]
[White "Constrictor"]
[Black "Grenadier"]
[Result "1-0"]
[WhiteElo "1506"]
[BlackElo "1529"]
[Opening "Queen's pawn game"]
[ECO "A46"]
[Time "20:00:25"]
[PlyCount "121"]
[TimeControl "2700+45"]

1. Nf3 Nf6 2. d4 d6 3. c4 Bg4 4. Nc3 Nbd7 5. e4 e5 6. Be2 Bxf3 7. Bxf3 exd4 8.
Qxd4 Ne5 9. Be2 Be7 10. a3 O-O 11. f4 Nc6 12. Qf2 Na5 13. Be3 Nb3 14. Rd1 Qc8
15. Nd5 Nxd5 16. Rxd5 b6 17. Rh5 Qe6 18. Bd3 Nc5 19. Bxc5 bxc5 20. O-O g6 21.
Qg3 Kh8 22. Rh6 Bf6 23. f5 Bd4+ 24. Kh1 Qf6 25. fxg6 Qg7 26. Rxh7+ Qxh7 27. gxh7
Rae8 28. Rf5 Re6 29. Rg5 Ree8 30. Rg8+ Rxg8 31. hxg8=Q+ Rxg8 32. Qh4+ Kg7 33.
Qg5+ Kf8 34. Qd8+ Kg7 35. Qxc7 Be5 36. Qxa7 Rh8 37. h3 Rh6 38. Qd7 Rf6 39. Qg4+
Kf8 40. Qe2 Bd4 41. b4 Rf2 42. b5 Rxe2 43. Bxe2 Bc3 44. g4 Ba5 45. Kg2 Kg7 46.
Kg3 Kh6 47. Kf4 Bc7 48. Kf5 Kg7 49. h4 Bd8 50. g5 Ba5 51. h5 Bd8 52. g6 fxg6+
53. hxg6 Bf6 54. a4 Bd8 55. Bh5 d5 56. exd5 Kf8 57. Ke6 Ba5 58. Kd7 Kg7 59. Ke8
Bc3 60. d6 Bf6 61. d7 {Black resigns} 1-0

[Event "Team 45 45 League T90"]
[Site "Internet Chess Club"]
[Date "2021.10.31"]
[Round "4"]
[White "GoIrish"]
[Black "BrerRabbit"]
[Result "1-0"]
[WhiteElo "1527"]
[BlackElo "1348"]
[Opening "Queen's pawn game, Darooha variation "]
[ECO "D02"]
[Time "19:01:24"]
[PlyCount "105"]
[TimeControl "2700+45"]

1. d4 d5 2. Nf3 Nf6 3. g3 c6 4. Bg2 Bg4 5. h3 Bxf3 6. exf3 e6 7. O-O g6 8. Bf4
Bg7 9. Qd2 O-O 10. Nc3 Nh5 11. Be5 Bxe5 12. dxe5 Nd7 13. Rfe1 Qb6 14. g4 Ng7 15.
Na4 Qc7 16. Qe3 Qa5 17. b3 Qc7 18. Nb2 Qb6 19. Qe2 Qd4 20. Nd3 Qb6 21. Rad1 Qa6
22. a4 Qb6 23. Nb2 Rfd8 24. h4 Qb4 25. Qe3 Qb6 26. Qd2 Qc7 27. Nd3 a5 28. Qg5 b5
29. h5 bxa4 30. bxa4 c5 31. hxg6 fxg6 32. Nf4 Nf8 33. Bf1 Rdb8 34. Bb5 c4 35.
Kg2 Qd8 36. Qf6 Qxf6 37. exf6 Ne8 38. Nxe6 Nxf6 39. Nc7 Ra7 40. Nxd5 Nxd5 41.
Rxd5 Rc8 42. c3 h6 43. Rd4 Kg7 44. Rxc4 Rxc4 45. Bxc4 Rc7 46. Re4 g5 47. f4 Rc5
48. f5 Kf6 49. Kg3 Kg7 50. f4 Kf6 51. Kf3 Kg7 52. Re7+ Kf6 53. Rf7# {Black
checkmated} 1-0

[Event "Team 45 45 League T90"]
[Site "Internet Chess Club"]
[Date "2021.10.29"]
[Round "4"]
[White "xingon"]
[Black "seattleblues"]
[Result "1-0"]
[WhiteElo "1359"]
[BlackElo "1346"]
[Opening "Queen's bishop game"]
[ECO "D00"]
[Time "21:00:39"]
[PlyCount "99"]
[TimeControl "2700+45"]

1. d4 d5 2. Bf4 Nf6 3. Nf3 c6 4. c3 Nbd7 5. e3 e6 6. Bd3 c5 7. O-O Be7 8. Nbd2
b6 9. e4 Bb7 10. Re1 cxd4 11. cxd4 dxe4 12. Nxe4 Nxe4 13. Bxe4 Bxe4 14. Rxe4 Nf6
15. Qa4+ Qd7 16. Qxd7+ Kxd7 17. Ne5+ Ke8 18. Re2 Nd5 19. Be3 Rc8 20. Nd3 Bd6 21.
Rc1 Kd7 22. Rec2 Nb4 23. Nxb4 Bxb4 24. a3 Bd6 25. g3 a6 26. d5 b5 27. dxe6+ fxe6
28. b4 Rxc2 29. Rxc2 Rc8 30. Bc5 Rc6 31. Rd2 Ke7 32. Rxd6 Rxd6 33. Kf1 Kd7 34.
Bxd6 Kxd6 35. Ke2 Kd5 36. Kd3 g5 37. f3 e5 38. h3 h5 39. h4 gxh4 40. gxh4 Ke6
41. Ke4 Kf6 42. f4 exf4 43. Kxf4 Kg6 44. Ke5 Kg7 45. Kf5 Kh6 46. Kf6 Kh7 47. Kg5
Kg7 48. Kxh5 Kh7 49. Kg5 Kg7 50. Kf5 {Black forfeits on time} 1-0

[Event "Team 45 45 League T90"]
[Site "Internet Chess Club"]
[Date "2021.10.30"]
[Round "4"]
[White "QuieroAprender"]
[Black "Signofthetimes"]
[Result "1/2-1/2"]
[WhiteElo "1616"]
[BlackElo "1572"]
[Opening "Caro-Kann: anti-anti-Caro-Kann defense"]
[ECO "B10"]
[Time "19:09:49"]
[PlyCount "80"]
[TimeControl "2700+45"]

1. e4 c6 2. c4 d5 3. cxd5 cxd5 4. Bb5+ Bd7 5. Bxd7+ Qxd7 6. e5 e6 7. d4 Nc6 8.
Nf3 Bb4+ 9. Nc3 Nge7 10. Bd2 a6 11. Ne2 Bxd2+ 12. Qxd2 O-O 13. O-O Rfc8 14. Rfc1
Qc7 15. b3 Qb6 16. g4 Rc7 17. Rc2 Rac8 18. Rac1 Qa7 19. Kg2 b5 20. b4 h6 21. h4
Kf8 22. h5 Ke8 23. Ne1 Nb8 24. Rxc7 Rxc7 25. Rxc7 Qxc7 26. Nd3 Nd7 27. Nc5 Nxc5
28. bxc5 Nc6 29. Qd3 Qe7 30. Qh7 Qf8 31. f4 f6 32. exf6 Qxf6 33. Qg8+ Ke7 34.
Qc8 Nxd4 35. c6 Nxe2 36. Qd7+ Kf8 37. c7 Nxf4+ 38. Kg3 Ne2+ 39. Kg2 Nf4+ 40. Kg3
Ne2+ {Game drawn by mutual agreement} 1/2-1/2